 Dungeon Crawl Stone Soup version 0.18.1-48-g4cf74bf (webtiles) character file.

60 Gargoyl the Skirmisher (level 3, -9/29 HPs)
             Began as a Demonspawn Abyssal Knight on Aug 21, 2016.
             Was a Believer of Lugonu.
             Mangled by a worm (10 damage)
             ... on level 2 of the Dungeon.
             The game lasted 00:02:20 (1221 turns).

Gargoyl the Skirmisher (Demonspawn Abyssal Knight)  Turns: 1221, Time: 00:02:21

Health: -9/29      AC:  4    Str: 13    XL:     3   Next: 82%
Magic:  5/5        EV: 11    Int: 11    God:    Lugonu [**....]
Gold:   164        SH:  0    Dex: 12    Spells: 0 memorised, 2 levels left

rFire  . . .     SeeInvis .     e - +2 hand axe (chop)
rCold  . . .     Gourm    .     b - +0 leather armour
rNeg   . . .     Faith    +     (no shield)
rPois  .         Spirit   .     (no helmet)
rElec  .         Dismiss  .     (no cloak)
rCorr  .         Reflect  .     (no gloves)
SustAt .         Harm     .     l - +0 pair of boots
MR     .....                    a - amulet of faith
Stlth  +.........               (no ring)
                                (no ring)

@: not resistant to hostile enchantments, very unstealthy
A: demonic guardian 1, dopey 1
a: Depart the Abyss, Bend Space, Renounce Religion


You were on level 2 of the Dungeon.
You worshipped Lugonu.
Lugonu was pleased with you.
You were not hungry.

You visited 1 branch of the dungeon, and saw 2 of its levels.
You visited the Abyss 1 time.

You collected 164 gold pieces.

Inventory:

Hand Weapons
 e - a +2 hand axe of chopping (weapon)
 f - a +0 spear
Armour
 b - a +0 leather armour (worn)
 l - a +0 pair of boots (worn)
Jewellery
 a - an amulet of faith (around neck)
Scrolls
 h - a scroll of remove curse {unknown}
 k - a scroll of identify {unknown}
 m - a scroll of recharging {unknown}
Potions
 d - a potion of haste {unknown}
 g - a potion of degeneration {unknown}
 j - a potion of ambrosia {unknown}
Comestibles
 c - a bread ration
 i - 2 meat rations


   Skills:
 + Level 3.6 Fighting
 + Level 2.2 Axes
 + Level 2.1 Armour
 + Level 1.6 Dodging
 + Level 3.1 Invocations


You had 2 spell levels left.
You didn't know any spells.

Dungeon Overview and Level Annotations

Branches:
Dungeon (2/15)

Altars:


Innate Abilities, Weirdness & Mutations

A weak demonic guardian rushes to your aid.
You are dopey. (Int -2)


Message History

You kill the hobgoblin!
Lugonu accepts your kill.
You barely miss the worm. The worm bites you!
You barely miss the worm. The worm bites you!
* * * LOW HITPOINT WARNING * * *
You hit the worm.
The worm is moderately wounded.
You hit the worm.
The worm is severely wounded.
The worm bites you.
* * * LOW HITPOINT WARNING * * *
You barely miss the worm.
The worm is severely wounded.
The worm barely misses you.
You hit the worm.
The worm is almost dead.
You hit the worm.
The worm is almost dead.
The worm bites you!
You die...

### ######.######.##.
..##................ .
#####.#.###############
#.#.##...##..# #
.#.#....[#..#### #
###..#.....#.....## #
....#...(.#.#+#..# #
#..##...'###(##.##
#.#.#)###.@w%.#..#######
#####.#.รท.#
+###.##........#
#........##
####..#.###..#
#.###.#..# #.....#.# #
##.# +.###.#.# #..##
##.# #.#.# #...####..#
#.... #........## ###..
##.####### #..


You could see a worm.

Vanquished Creatures
  An adder (D:2)
  An ooze (D:2)
  A worm (D:2)
  2 giant geckos (D:1)
  A ball python (D:1)
  2 giant cockroaches
  5 goblins
  7 hobgoblins
  7 jackals (D:1)
  3 bats
  2 giant newts (D:2)
  3 kobolds (D:1)
  A rat (D:1)
36 creatures vanquished.

Notes
Turn   | Place    | Note
--------------------------------------------------------------
     0 | Abyss:1  | Gargoyl the Demonspawn Abyssal Knight began the quest for the Orb.
     0 | Abyss:1  | Reached XP level 1. HP: 18/18 MP: 2/2
    54 | Abyss:1  | Noticed a large abomination
    61 | Abyss:1  | Noticed a neqoxec
    61 | Abyss:1  | Gained mutation: You are dopey. (Int -2) [a neqoxec]
    66 | D:1      | Escaped the Abyss
   124 | D:1      | Reached * piety under Lugonu
   213 | D:1      | Gained mutation: A weak demonic guardian rushes to your aid. [demonic ancestry]
   213 | D:1      | Reached XP level 2. HP: 24/24 MP: 4/4
   368 | D:1      | Reached skill level 1 in Dodging
   891 | D:2      | Reached XP level 3. HP: 29/29 MP: 5/5
   925 | D:2      | Reached ** piety under Lugonu
  1218 | D:2      | HP: 1/29 [worm (5)]
  1221 | D:2      | Mangled by a worm

Skill      XL: |  1  2  3 |
---------------+----------+-----
Dodging        | 1 |  1.6
Armour         | 2 |  2.1
Axes           | 2 |  2.2
Invocations    | 3 |  3.1
Fighting       | |  3.6

Action                   || total
-------------------------++-------
Melee: Hand axe          ||    88
Invok: Depart the Abyss  ||     1
  Eat: Chunk             ||     1
Armor: Leather armour    ||    29
Dodge: Dodged            ||    67
